 Dungeon Crawl Stone Soup version 0.32-a0-672-gff75c0d (webtiles) character file.

Game seed: 12902174707025746112

1010 Dorkslayer the Sneak (level 8, 0/54 HPs)
             Began as an Octopode Fighter on Mar 10, 2024.
             Killed from afar by a steam dragon (12 damage)
             ... with a ball of steam
             ... on level 5 of the Dungeon.
             The game lasted 00:10:05 (4217 turns).

Dorkslayer the Sneak (Octopode Fighter)             Turns: 4217, Time: 00:10:07

Health: 0/54       AC:  1    Str: 20    XL:     8   Next: 21%
Magic:  26/26      EV: 14    Int: 10    God:
Gold:   278        SH:  6    Dex: 12    Spells: 7/7 levels left

rFire   . . .        i - +4 trident of Linearity {flame, rElec rCorr MP+9 Str+3}
rCold   + . .        a - +1 buckler
rNeg    . . .        (helmet restricted)
rPois   .            (no amulet)
rElec   +            d - ring of magical power
rCorr   +            k - ring of protection from cold
SInv    .            (no ring)
Will    .....        (no ring)
Stlth   ++++         (no ring)
HPRegen 0.29/turn    (no ring)
MPRegen 0.20/turn    (no ring)
                     (no ring)

%: no passive effects
@: no status effects
A: almost no armour, amphibious, 8 rings, camouflage 1, gelatinous body 1,
(nimble swimmer 1), tentacles
a: no special abilities


You were on level 5 of the Dungeon.
You visited 1 branch of the dungeon, and saw 5 of its levels.

You collected 278 gold pieces.

Inventory:

Hand Weapons
 i - the +4 trident of Linearity (weapon) {flame, rElec rCorr MP+9 Str+3}
   (You found it on level 2 of the Dungeon)

   Str+3:     It affects your strength (+3).
   rElec:     It insulates you from electricity.
   MP+9:      It affects your magic capacity (+9).
   rCorr:     It protects you from acid and corrosion.
 t - a +0 war axe
Armour
 a - a +1 buckler (worn)
Jewellery
 d - a ring of magical power (left tentacle)
 k - a ring of protection from cold (right tentacle)
Wands
 e - a wand of mindburst (3)
 l - a wand of polymorph (12)
Scrolls
 c - a scroll of fog {unknown}
 h - a scroll of fear
 m - a scroll of enchant weapon {unknown}
 n - a scroll of revelation {unknown}
 o - a scroll of amnesia
 p - 2 scrolls of teleportation
Potions
 b - a potion of might
 f - a potion of degeneration {unknown}
 g - a potion of magic {unknown}
 j - 4 potions of curing
 q - a potion of invisibility {unknown}
 r - a potion of mutation {unknown}
 s - 2 potions of heal wounds {unknown}
 u - a potion of attraction {unknown}
 v - 3 potions of berserk rage {unknown}


   Skills:
 + Level 4.0 Fighting
 + Level 4.2 Polearms
 + Level 4.2 Dodging
 + Level 5.4 Stealth
 + Level 3.8 Shields
 * Level 4.3 Unarmed Combat
 * Level 3.2 Evocations


You had 7 spell levels left.
You didn't know any spells.
Your spell library contained the following spells:

 Spells                   Type           Power      Damage    Failure   Level
 Blink                    Tloc           0%         N/A       56%         2
 Lesser Beckoning         Tloc           0%         N/A       56%         2
 Momentum Strike          Conj/Tloc      0%         3d8       56%         2


Dungeon Overview and Level Annotations

Branches:
Dungeon (5/15)
 Temple: D:4-7

Altars:
Elyvilon
Okawaru
Uskayaw

Shops:
D:3 :


Innate Abilities, Weirdness & Mutations

You cannot wear most types of armour.
You are amphibious.
You can wear up to eight rings at the same time.
Your skin changes colour to match your surroundings (Stealth+).
Your rubbery body absorbs attacks. (AC +1, EV +1)
((You are camouflaged when in or above water. (Stealth+)))
You have tentacles for arms and can constrict up to eight enemies at once.


Message History

An orc comes into view. It is wielding a +0 trident.
The steam dragon hisses angrily.
The orc priest shouts!
You hit Menkaure. You burn Menkaure. You grab Menkaure.
Menkaure is lightly damaged.
You constrict Menkaure.
The orc wizard mumbles some strange words.
The orc wizard flickers and vanishes!
Deactivating autopickup; reactivate with Ctrl-A.
Menkaure barely misses you.
You puncture Menkaure! You burn Menkaure!
You destroy Menkaure!
A magic dart appears from out of thin air!
The magic dart hits you.
The orc priest begins to cast a cantrip, but forgets the words!
Your Fighting skill increases to level 4!
Your Polearms skill increases to level 4!
Your Evocations skill increases to level 3!
Unknown command.
You miss something. Your squeeze misses something. Something hits you.
You puncture something! You burn something.
Reactivating autopickup.
You feel a bit more experienced. The orc priest misses you.
You closely miss the orc priest. You grab the orc priest.
You constrict the orc priest!
The orc priest hits you with a +0 morningstar.
You puncture the orc priest! You burn the orc priest.
You kill the orc priest!
The steam dragon breathes steam at you. The ball of steam hits you!
You are engulfed in a cloud of scalding steam.
The orc closely misses you. The steam dragon barely misses you.
The steam dragon claws you.
Items here: )) [ †.
You hit the steam dragon but do no damage.
Your squeeze misses the steam dragon.
You are engulfed in a cloud of scalding steam.
* * * LOW HITPOINT WARNING * * *
The steam dragon breathes steam at you. The ball of steam hits you!
You die...

#.## ..# #.. ###
#.# # #.#
######### ...
......<.# #.#
#######.# #o# #(#
#D# #.# #@# #.#
#§# #.# #§# #.#
#§# #.# #.#
######.########.#
#...............#
#.####......#####
##.#########.#


You could see a steam dragon (catching breath) and an orc.

Vanquished Creatures
  Grinder (D:5)
  Menkaure (D:5)
  An ogre (D:5)
  A phantom (D:4)
  A scorpion (D:5)
  A bombardier beetle (D:3)
  An orc priest (D:5)
  A hound (D:4)
  4 iguanas
  4 orc wizards
  Terence (D:2)
  5 adders
  3 gnolls (D:5)
  A ribbon worm (D:3)
  2 dart slugs
  12 orcs
  5 ball pythons
  11 bats
  4 endoplasms
  2 giant cockroaches
  8 goblins
  7 hobgoblins
  5 quokkas
  2 frilled lizards (D:2)
  6 kobolds
  6 rats
96 creatures vanquished.

Notes
Turn   | Place    | Note
-------+----------+-------------------------------------------
     0 | D:1      | Dorkslayer the Octopode Fighter began the quest for the
                  | Orb.
     0 | D:1      | Reached XP level 1. HP: 16/16 MP: 1/1
    60 | D:1      | Found a faded altar of an unknown god.
   179 | D:1      | Reached XP level 2. HP: 12/21 MP: 2/2
   552 | D:1      | Reached XP level 3. HP: 23/26 MP: 3/3
   828 | D:2      | Noticed Terence
   832 | D:2      | Killed Terence
   833 | D:2      | Reached skill level 1 in Stealth
   852 | D:2      | Identified the +4 trident of Linearity {flame, rElec rCorr
                  | MP+9 Str+3}
   861 | D:2      | Reached XP level 4. HP: 12/31 MP: 4/4
  2085 | D:3      | Found Gorch's Book Emporium.
  2164 | D:3      | Identified the +2 leather armour of Integrity {rN+ Stlth+}
  2171 | D:3      | Reached skill level 1 in Polearms
  2205 | D:3      | Found a hide-covered altar of Uskayaw.
  2267 | D:3      | Found a white marble altar of Elyvilon.
  2609 | D:3      | Reached XP level 5. HP: 34/36 MP: 5/5
  2755 | D:3      | Reached skill level 2 in Stealth
  2958 | D:4      | Found an iron altar of Okawaru.
  3069 | D:4      | Reached skill level 3 in Stealth
  3069 | D:4      | Reached XP level 6. HP: 40/42 MP: 6/6
  3301 | D:4      | Reached skill level 1 in Evocations
  3753 | D:5      | Entered Level 5 of the Dungeon
  3755 | D:5      | Identified the +2 whip "Giantbane" {flame, rPois Int+4
                  | Stlth+}
  3783 | D:5      | Reached skill level 4 in Stealth
  3783 | D:5      | Reached XP level 7. HP: 47/47 MP: 7/7
  3850 | D:5      | Noticed Grinder
  3862 | D:5      | Killed Grinder
  4098 | D:5      | Reached skill level 5 in Stealth
  4098 | D:5      | Reached XP level 8. HP: 51/54 MP: 8/8
  4204 | D:5      | Noticed Menkaure
  4210 | D:5      | Killed Menkaure
  4217 | D:5      | Killed from afar by a steam dragon

Illustrated notes

Levels and vault maps discovered:
D:1:      dpeg_arrival_water_temple_mockup, layout_basic,
          ebering_ecumenical_altar_rust, serial_corexii_hall,
          corexii_hall_statues_t, corexii_hall_statues_s,
          corexii_hall_statues_u, minmay_tetromino_i2
D:2:      layout_basic, glass_columns_c, chequers_serial_rivers_large_b,
          uniq_terence
D:3:      layout_loops_ring, nicolae_elyvilon_temple_path,
          mainiacjoe_overflow_24_doors, serial_shops, shop,
          dreamdust_princess_corridor
D:4:      layout_layer_cave, okawaru_metal_pillars_1_2
D:5:      layout_loops_ring, zin_angel, uniq_menkaure, uniq_grinder

Skill      XL: |  1  2  3  4  5  6  7  8 |
---------------+-------------------------+-----
Stealth        | 1 3 4 5 |  5.4
Unarmed Combat | 3 4 |  4.3
Polearms       | 1 2 3 4 |  4.2
Dodging        | 4 |  4.2
Evocations     | 2 3 |  3.2
Fighting       | 4 |  4.0
Shields        | |  3.8

Action                     |  1- 3 |  4- 6 |  7- 9 || total
---------------------------+-------+-------+-------++-------
  Melee: Unarmed           |    55 |       |       ||    55
         Constrict         |    14 |    18 |     6 ||    38
         Tentacles         |    12 |    15 |     3 ||    30
         Punch             |     1 |       |       ||     1
         Trident           |     4 |   108 |    29 ||   141
    Use: Scroll            |       |    10 |       ||    10
         Potion            |       |     2 |       ||     2
   Stab: Sleeping          |     6 |    10 |     4 ||    20
         Distracted        |       |     1 |       ||     1
 Armour: Skin              |    27 |    52 |    12 ||    91
  Dodge: Dodged            |    36 |    64 |     9 ||   109
  Block: Buckler           |     8 |    25 |     2 ||    35

Table legend: (Time is in decaauts)
 A = Elapsed time spent in this place.
 B = Non-inter-level travel time spent in this place.
 C = Inter-level travel time spent in this place.
 D = Time resting spent in this place.
 E = Time spent auto-exploring this place.
 F = Levels seen in this place.
 G = Mean time per level.
                   A        B        C        D        E       F      G
               +--------+--------+--------+--------+--------+-----+--------+
         Total |   4252 |   4249 |      3 |    261 |   2614 |   5 |  850.4 |
       Dungeon |   4252 |   4249 |      3 |    261 |   2614 |   5 |  850.4 |
               +--------+--------+--------+--------+--------+-----+--------+

Top non-repeatable levels by time:
     D:2: 1175 daAuts
     D:3: 1038 daAuts
     D:1: 828 daAuts
     D:4: 739 daAuts
     D:5: 470 daAuts
